 Dungeon Crawl Stone Soup version 0.18.1-48-g4cf74bf (webtiles) character file.

149 dearth the Chopper (level 5, 0/47 HPs)
             Began as a Hill Orc Fighter on Aug 5, 2016.
             Slain by an ogre
             ... wielding a cursed -1 giant club
              (18 damage)
             ... on level 4 of the Dungeon.
             The game lasted 00:04:17 (2274 turns).

dearth the Chopper (Hill Orc Fighter)               Turns: 2274, Time: 00:04:17

Health: 0/47       AC:  7    Str: 25    XL:     5   Next: 31%
Magic:  5/5        EV:  7    Int:  8    God:
Gold:   177        SH: 10    Dex: 14    Spells: 0 memorised, 4 levels left

rFire  . . .     SeeInvis .     a - +0 war axe
rCold  . . .     Gourm    .     b - +0 scale mail
rNeg   . . .     Faith    .     c - +0 shield
rPois  .         Spirit   .     (no helmet)
rElec  .         Dismiss  .     (no cloak)
rCorr  .         Reflect  .     (no gloves)
SustAt .         Harm     .     (no boots)
MR     .....                    (no amulet)
Stlth  ..........               (no ring)
                                u - +4 ring of dexterity

@: mighty, not resistant to hostile enchantments, extremely unstealthy
A: no striking features
a: no special abilities


You were on level 4 of the Dungeon.
You were hungry.

You visited 1 branch of the dungeon, and saw 4 of its levels.

You collected 177 gold pieces.

Inventory:

Hand Weapons
 a - a +0 war axe (weapon)
Armour
 b - a +0 scale mail (worn)
 c - a +0 shield (worn)
Jewellery
 u - a +4 ring of dexterity (left hand)
Scrolls
 e - a scroll of fog {unknown}
 i - a scroll of blinking {unknown}
 o - 2 scrolls of identify {unknown}
 p - 2 scrolls of immolation {unknown}
 r - 3 scrolls of teleportation {unknown}
 s - a scroll of amnesia {unknown}
Potions
 d - a potion of might
 g - 2 potions of agility {unknown}
 k - a potion of cancellation {unknown}
 l - 3 potions of flight {unknown}
 m - a potion of curing {unknown}
 n - a potion of heal wounds {unknown}
 t - 2 potions of degeneration {unknown}
Comestibles
 f - a bread ration
 h - 4 fruits
 j - 2 slices of pizza
 q - 2 meat rations
 v - a beef jerky


   Skills:
 + Level 4.6 Fighting
 * Level 4.7 Axes
 + Level 3.8 Armour
 + Level 4.3 Shields


You had 4 spell levels left.
You didn't know any spells.

Dungeon Overview and Level Annotations

Branches:
Dungeon (4/15)
 Temple: D:4-7

Altars:
Vehumet
Xom


Message History

Drink which item? (? for menu, Esc to quit)
You feel very mighty all of a sudden. The gnoll hits you with a club.
The orc hits you with a mace.
You slice the gnoll!!
You kill the gnoll!
You slash the orc!
You kill the orc!
You block the gnoll's attack. The gnoll hits you with a flail.
The ogre hits you with a giant club! The gnoll hits you.
You see here a club.
You slash the ogre!
The ogre is moderately wounded.
You closely miss the gnoll. x2; The gnoll hits you but does no damage. x2
You block the ogre's attack. The gnoll hits you with a flail.
You slash the ogre!
The ogre is almost dead.
You slash the gnoll!
You kill the gnoll!
You completely miss the gnoll. The ogre hits you with a giant club!!
You die...

..................#
........##.>......#
.......<..........#
####..#####..#####
........).........
+#####.....########
+.....+ #
#....g##.#.#
#...†@....<#
###.".O....#
#..........
#..........
+..........
##.........
#.........
#.........
###...#..


You could see an ogre and a gnoll.

Vanquished Creatures
  2 gnolls (D:4)
  5 adders
  An ooze (D:2)
  A worm (D:2)
  A dart slug (D:3)
  2 giant geckos
  6 orcs
  2 giant cockroaches (D:1)
  11 goblins
  5 hobgoblins
  2 jackals (D:1)
  12 kobolds
  A ball python (D:3)
  4 bats
  6 giant newts
  7 rats
68 creatures vanquished.

Notes
Turn   | Place    | Note
--------------------------------------------------------------
     0 | D:1      | dearth the Hill Orc Fighter began the quest for the Orb.
     0 | D:1      | Reached XP level 1. HP: 19/19 MP: 1/1
   179 | D:1      | Reached XP level 2. HP: 20/26 MP: 2/2
   445 | D:1      | Reached XP level 3. HP: 33/33 MP: 3/3
  1381 | D:2      | Found a radiant altar of Vehumet.
  1384 | D:2      | Found a shimmering altar of Xom.
  1554 | D:2      | Reached XP level 4. HP: 34/40 MP: 4/4
  2054 | D:3      | Reached XP level 5. HP: 46/47 MP: 5/5
  2266 | D:4      | Noticed an ogre
  2274 | D:4      | Slain by an ogre

Skill      XL: |  1  2  3  4 |
---------------+-------------+-----
Axes           | 3 4 |  4.7
Fighting       | 4 |  4.6
Shields        | 4 |  4.3
Armour         | |  3.8

Action                   |  1- 3 |  4- 6 || total
-------------------------+-------+-------++-------
Melee: War axe           |   140 |    80 ||   220
  Use: Potion            |       |     1 ||     1
  Eat: Chunk             |     2 |     2 ||     4
Armor: Scale mail        |    69 |    38 ||   107
Dodge: Dodged            |    43 |    25 ||    68
Block: Shield            |    75 |    53 ||   128
